 Dungeon Crawl Stone Soup version 0.32-a0-18-g89e19f1974 (webtiles) character file.

Game seed: 6559789066408728423

342 Implojin the Sneak (level 6, -3/57 HPs)
             Began as a Naga Alchemist on Jan 16, 2024.
             Slain by a hobgoblin
             ... wielding the +7 sceptre of Torment {pain, torment}
              (12 damage)
             ... on level 3 of the Dungeon.
             The game lasted 00:07:22 (1761 turns).

Implojin the Sneak (Naga Alchemist)                 Turns: 1761, Time: 00:07:23

Health: -3/57      AC:  7    Str: 10    XL:     6   Next: 57%
Magic:  9/9        EV:  9    Int: 15    God:
Gold:   63         SH:  0    Dex: 20    Spells: 8/9 levels left

rFire   + + .        a - +2 short sword (elec)
rCold   . . .        (no shield)
rNeg    . . .        r - +1 leather armour {rF+}
rPois   +            (no helmet)
rElec   .            e - +2 cloak
rCorr   .            (no gloves)
SInv    +            (no barding)
Will    .....        (no amulet)
Stlth   +++          f - ring of protection from fire
HPRegen 0.29/turn    n - +6 ring of dexterity
MPRegen 0.11/turn

%: no passive effects
@: short of breath, very slow
A: AC +2, large, see invisible, deformed body, poison resistance, slowness 2,
spit poison 1, naga tail 1
a: Spit Poison


You were on level 3 of the Dungeon.
You visited 1 branch of the dungeon, and saw 3 of its levels.

You collected 183 gold pieces.
You spent 120 gold pieces at shops.

Inventory:

Hand Weapons
 a - a +2 short sword of electrocution (weapon)
 b - a +0 sling
 j - a +0 short sword
Missiles
 g - 11 poisoned darts
 p - 9 javelins
 q - 3 boomerangs
Armour
 e - a +2 cloak (worn)
 r - a +1 leather armour of fire resistance (worn)
 u - a +0 chain mail
Jewellery
 f - a ring of protection from fire (left hand)
 l - a +6 ring of intelligence
 n - a +6 ring of dexterity (right hand)
Wands
 c - a wand of flame (4)
Scrolls
 k - a scroll of poison
 m - a scroll of enchant armour
 o - a scroll of teleportation
 s - a scroll of fog
 t - a scroll of brand weapon
 v - a scroll of noise
Potions
 d - a potion of magic
 h - 3 potions of heal wounds
 i - a potion of lignification


   Skills:
 * Level 3.9 Fighting
 - Level 4.0 Short Blades
 - Level 1.5 Dodging
 - Level 5.0 Stealth
 - Level 2.0 Spellcasting
 - Level 1.0 Conjurations
 - Level 3.6 Alchemy


You had 8 spell levels left.
You knew the following spells:

 Your Spells              Type           Power      Damage    Failure   Level
a - Sting                 Conj/Alch      32%        1d5       12%         1

Your spell library contained the following spells:

 Spells                   Type           Power      Damage    Failure   Level
 Mercury Vapours          Alch/Air       12%        N/A       22%         2
 Ensorcelled Hibernation  Hex/Ice        2%         N/A       41%         2
 Mephitic Cloud           Conj/Alch/Air  6%         N/A       43%         3
 Olgreb's Toxic Radiance  Alch           12%        N/A       56%         4
 Passwall                 Erth           1%         N/A       65%         3
 Swiftness                Air            1%         N/A       65%         3
 Sticky Flame             Fire/Alch      6%         2d4       82%         4


Dungeon Overview and Level Annotations

Branches:
Dungeon (3/15)

Altars:

Shops:
D:3 !


Innate Abilities, Weirdness & Mutations

Your serpentine skin is tough. (AC +2)
You have supernaturally acute eyesight. (SInv)
Armour fits poorly on your strangely shaped body.
Your system is resistant to poisons. (rPois)
You cover ground very slowly.
You can spit poison.
You have a snake-like lower body.


Message History

(? for menu, Esc to cancel) < or
f - a ring of protection from fire; > or
l - a +6 ring of intelligence You remove your +6 ring of intelligence.
You feel stupid.
You feel agile.
n - a +6 ring of dexterity (right hand) Unknown command.
You fail to use your ability.
The hobgoblin shouts!
You barely miss the hobgoblin. You closely miss the hobgoblin.
The hobgoblin hits you with the +7 sceptre of Torment {pain, torment}!
Your body is wracked with pain!
Danger: Low HP Warning |T3| Reason: 40% HP (23/57)
Okay, then.
Okay, then.
You barely miss the hobgoblin.
The hobgoblin hits you with the +7 sceptre of Torment {pain, torment}.
Danger: Low HP Warning |T3| Reason: 29% HP (17/57)
Aiming: Spit Poison (1% risk of failure)
Press: ? - help, Shift-Dir - straight line, f/p - hobgoblin
Aim: a hobgoblin, wielding the +7 sceptre of Torment {pain, torment} (59% to hit)
The splash of poison hits the hobgoblin.
The hobgoblin is poisoned.
The hobgoblin is lightly wounded.
The hobgoblin closely misses you.
You closely miss the hobgoblin.
The hobgoblin is lightly wounded.
The hobgoblin hits you with the +7 sceptre of Torment {pain, torment}!
Danger: Low HP Warning |T3| Reason: 14% HP (8/57)
Casting: Sting (safe; 12% risk of failure)
Confirm with . or Enter, or press ? or * to list all spells.
Aiming: Sting (safe; 12% risk of failure)
Press: ? - help, Shift-Dir - straight line, f/p - hobgoblin
Aim: a hobgoblin, wielding the +7 sceptre of Torment {pain, torment} (lightly wounded, poisoned, 68% to hit)
Okay, then.
You barely miss the hobgoblin.
The hobgoblin is lightly wounded.
The hobgoblin hits you with the +7 sceptre of Torment {pain, torment}!
You die...

#######.............#####.#######
#.............'...........#
#.............#####.#####.#
#.^..######............#...
#....# #)########.#.# # #....#
###.########.#.# # #....#
#.........##...# #
#....####.........###..# #
##.......g@.......# #..####
#..........#########....#
#..........# #..)....##
#..........# #.........
#........#.# #.......##
##########.# #.......# #'#
#####.#.## .. #.#..# ####.#..#


You could see a hobgoblin (poisoned).

Vanquished Creatures
  Sigmund (D:3)
  2 orc priests (D:3)
  3 gnolls
  2 adders (D:2)
  A shadow imp (D:3)
  A ribbon worm (D:2)
  A dart slug (D:3)
  8 orcs (D:3)
  3 ball pythons
  5 endoplasms
  3 giant cockroaches
  6 hobgoblins
  6 kobolds
  2 quokkas
  4 bats
  3 frilled lizards
  2 goblins (D:2)
  6 rats
59 creatures vanquished.

Notes
Turn   | Place    | Note
-------+----------+-------------------------------------------
     0 | D:1      | Implojin the Naga Alchemist began the quest for the Orb.
     0 | D:1      | Reached XP level 1. HP: 15/15 MP: 3/3
    66 | D:1      | Reached skill level 1 in Short Blades
   103 | D:1      | Reached XP level 2. HP: 18/22 MP: 5/5
   331 | D:1      | Reached skill level 1 in Fighting
   492 | D:2      | Reached XP level 3. HP: 32/32 MP: 6/6
  1057 | D:2      | Reached XP level 4. HP: 39/39 MP: 7/7
  1098 | D:2      | Found a faded altar of an unknown god.
  1248 | D:3      | Noticed Sigmund
  1261 | D:3      | Killed Sigmund
  1262 | D:3      | Reached skill level 5 in Stealth
  1262 | D:3      | Reached XP level 5. HP: 44/46 MP: 2/8
  1262 | D:3      | Reached XP level 6. HP: 52/55 MP: 2/9
  1609 | D:3      | Found Kiemav's Distillery.
  1617 | D:3      | Bought 2 potions of heal wounds for 120 gold pieces
  1761 | D:3      | Slain by a hobgoblin

Illustrated notes

Levels and vault maps discovered:
D:1:      dpeg_arrival_stonehenge_12_columns, layout_rooms
D:2:      layout_basic, shapermc_ecumenical_altar_hornbeckon,
          minmay_pentomino_t4
D:3:      layout_basic, serial_shops, nicolae_shop_hallway_stairs,
          kennysheep_generic_room_9, uniq_sigmund

Skill      XL: |  1  2  3  4  5  6 |
---------------+-------------------+-----
Short Blades   | 1 2 4 |  4.0
Fighting       | 1 2 3 |  3.9
Stealth        | 5 |  5.0
Dodging        | |  1.5
Spellcasting   | |  2.0
Conjurations   | |  1.0
Alchemy        | |  3.6

Action                     |  1- 3 |  4- 6 || total
---------------------------+-------+-------++-------
  Melee: Unarmed           |     2 |       ||     2
         Short sword       |    15 |    54 ||    69
   Fire: Sling             |    69 |     1 ||    70
   Cast: Sting             |     3 |     7 ||    10
Ability: Spit Poison       |    17 |    16 ||    33
    Use: Scroll            |     4 |     5 ||     9
   Stab: Sleeping          |       |     1 ||     1
 Armour: Robe              |    32 |    11 ||    43
         Leather armour    |       |    21 ||    21
  Dodge: Dodged            |    36 |    15 ||    51

Table legend: (Time is in decaauts)
 A = Elapsed time spent in this place.
 B = Non-inter-level travel time spent in this place.
 C = Inter-level travel time spent in this place.
 D = Time resting spent in this place.
 E = Time spent auto-exploring this place.
 F = Levels seen in this place.
 G = Mean time per level.
                   A        B        C        D        E       F      G
               +--------+--------+--------+--------+--------+-----+--------+
         Total |   2308 |   2186 |    122 |     64 |   1401 |   3 |  769.3 |
       Dungeon |   2308 |   2186 |    122 |     64 |   1401 |   3 |  769.3 |
               +--------+--------+--------+--------+--------+-----+--------+

Top non-repeatable levels by time:
     D:2: 1036 daAuts
     D:3: 734 daAuts
     D:1: 537 daAuts
